3AAA
PURE MICHIGAN GREAT LAKERS @ SUNSET DISTRICT FOG
05/09/2031
 
TOP OF THE 1ST
Pure Michigan Great Lakers batting - Pitching for Sunset District Fog : RHP Brian Walker
Pitching: RHP Brian Walker
Batting: LHB Michael Cochran 0-0: Called Strike
0-1: Swinging Strike
0-2: DOUBLE (Line Drive, 9LM)
Batting: LHB César Muñóz 0-0: Ball
1-0: Foul Ball, location: 2F
1-1: Ball
2-1: Swinging Strike
2-2: Ball
3-2: Foul Ball, location: 2F
3-2: Base on Balls
Batting: LHB Josh Platt 0-0: Ball
1-0: Ball
2-0: Foul Ball, location: 2F
2-1: Called Strike
2-2: Fly out, F7 (Flyball, 78M)
Batting: LHB Gilberto Moreno 0-0: Fielders Choice at 2nd, 4-6 (Groundball, 34)
Michael Cochran to third
Batting: LHB Yin-reng Hsueh 0-0: Swinging Strike
0-1: Ball
1-1: Swinging Strike
1-2: Ball
2-2: Fly out, F7 (Flyball, 7LD)
Top of the 1st over - 0 runs, 1 hit, 0 errors, 2 left on base; Pure Michigan 0 - Sunset District 0
BOTTOM OF THE 1ST
Sunset District Fog batting - Pitching for Pure Michigan Great Lakers : RHP César Román
Pitching: RHP César Román
Batting: SHB Orlando Villa 0-0: Ball
1-0: Ball
2-0: Called Strike
2-1: DOUBLE (Line Drive, 9LM)
Batting: LHB Armando Carmona 0-0: Ball
Orlando Villa steals 3rd base
1-0: Called Strike
1-1: Ball
2-1: Called Strike
2-2: Ground out 6-3 (Groundball, 6)
Orlando Villa scores
Batting: SHB José Rico 0-0: Foul Ball, location: 2F
0-1: Ball
1-1: Ball
2-1: Ball
3-1: Base on Balls
Batting: LHB Tim O'Neal 0-0: Called Strike
0-1: Ball
1-1: Ball
2-1: Fielders Choice at 2nd, 3-6 (Groundball, 3)
Batting: SHB Joaquín Reyes 0-0: Ball
1-0: Foul Ball, location: 2F
1-1: Ball
2-1: Fly out, F7 (Line Drive, 78S)
Bottom of the 1st over - 1 run, 1 hit, 0 errors, 1 left on base; Pure Michigan 0 - Sunset District 1
TOP OF THE 2ND
Pure Michigan Great Lakers batting - Pitching for Sunset District Fog : RHP Brian Walker
Batting: SHB David Martínez 0-0: Ball
1-0: Called Strike
1-1: SINGLE (Flyball, 78M)
Batting: RHB Hamilton Swan 0-0: Called Strike
David Martínez steals 2nd base
0-1: Swinging Strike
0-2: Foul Ball, location: 2F
0-2: Foul Ball, location: 2F
0-2: Strikes out swinging
Batting: RHB Turner Buccigross 0-0: Called Strike
0-1: Foul Ball, location: 2F
0-2: Foul Ball, location: 2F
0-2: Ground out 5-3 (Groundball, 56S)
David Martínez to third
Batting: RHB Mike Thompson 0-0: SINGLE (Groundball, 4MD)
David Martínez scores
Batting: LHB Michael Cochran 0-0: Ball
1-0: Foul Ball, location: 2F
1-1: Foul Ball, location: 2F
1-2: Foul Ball, location: 2F
1-2: Ball
2-2: Ball
3-2: Ground out 5-3 (Groundball, 56)
Top of the 2nd over - 1 run, 2 hits, 0 errors, 1 left on base; Pure Michigan 1 - Sunset District 1
BOTTOM OF THE 2ND
Sunset District Fog batting - Pitching for Pure Michigan Great Lakers : RHP César Román
Batting: RHB José Vargas 0-0: Ball
1-0: Ball
2-0: Ball
3-0: Called Strike
3-1: Called Strike
3-2: Base on Balls
Batting: RHB Carl Herbert 0-0: Fly out, F5 (Line Drive, 5)
Batting: RHB Jud Regan 0-0: Ball
1-0: Ball
2-0: Ball
3-0: Base on Balls
José Vargas to second
Batting: SHB José Ángel 0-0: Ball
1-0: Foul Ball, location: 2F
1-1: Ball
2-1: Swinging Strike
2-2: Foul Ball, location: 2F
2-2: Ball
3-2: Fly out, F8 (Flyball, 8LM)
Batting: SHB Orlando Villa 0-0: Called Strike
0-1: Ball
1-1: Ball
2-1: Foul Ball, location: 2F
2-2: Foul Ball, location: 2F
2-2: Strikes out swinging
Bottom of the 2nd over - 0 runs, 0 hits, 0 errors, 2 left on base; Pure Michigan 1 - Sunset District 1
TOP OF THE 3RD
Pure Michigan Great Lakers batting - Pitching for Sunset District Fog : RHP Brian Walker
Batting: LHB César Muñóz 0-0: Called Strike
0-1: Ball
1-1: Ball
2-1: SINGLE (Line Drive, 6)
Batting: LHB Josh Platt 0-0: Ball
1-0: Fielders Choice at 2nd, 3-6 (Groundball, 3)
Batting: LHB Gilberto Moreno 0-0: Ball
1-0: SINGLE (Groundball, 4D)
Josh Platt to second
Batting: LHB Yin-reng Hsueh 0-0: Ball
1-0: Called Strike
1-1: Called Strike
1-2: Fly out, F8 (Flyball, 8LM)
Batting: SHB David Martínez 0-0: Called Strike
0-1: Fly out, F4 (Popup, 4D)
Top of the 3rd over - 0 runs, 2 hits, 0 errors, 2 left on base; Pure Michigan 1 - Sunset District 1
BOTTOM OF THE 3RD
Sunset District Fog batting - Pitching for Pure Michigan Great Lakers : RHP César Román
Batting: LHB Armando Carmona 0-0: Ball
1-0: Ball
2-0: Swinging Strike
2-1: Ball
3-1: Base on Balls
Batting: SHB José Rico 0-0: Called Strike
0-1: Ball
1-1: Ball
2-1: SINGLE (Groundball, 4D)
Armando Carmona to second
Runner from 2nd tries for 3rd, SAFE, no throw
Batting: LHB Tim O'Neal 0-0: Ball
1-0: Foul Ball, location: 2F
1-1: Ball
2-1: Foul Ball, location: 2F
2-2: Foul Ball, location: 2F
2-2: Fielders Choice at 2nd, 4-6 (Groundball, 4)
Armando Carmona scores
Batting: SHB Joaquín Reyes 0-0: Called Strike
0-1: Called Strike
0-2: SINGLE (Groundball, 4MD)
Tim O'Neal to second
Runner from 2nd tries for 3rd, SAFE, no throw
Batting: RHB José Vargas 0-0: Called Strike
0-1: Swinging Strike
0-2: Ball
1-2: Foul Ball, location: 2F
1-2: Strikes out swinging
Batting: RHB Carl Herbert 0-0: Called Strike
0-1: Ball
1-1: Called Strike
1-2: Ball
2-2: Strikes out looking
Bottom of the 3rd over - 1 run, 2 hits, 0 errors, 2 left on base; Pure Michigan 1 - Sunset District 2
TOP OF THE 4TH
Pure Michigan Great Lakers batting - Pitching for Sunset District Fog : RHP Brian Walker
Batting: RHB Hamilton Swan 0-0: Swinging Strike
0-1: Ball
1-1: Ball
2-1: Called Strike
2-2: Strikes out looking
Batting: RHB Turner Buccigross 0-0: Ball
1-0: Ball
2-0: Ball
3-0: Base on Balls
Batting: RHB Mike Thompson 0-0: Ball
Turner Buccigross is caught stealing 2nd base
1-0: Ball
2-0: SINGLE (Groundball, 6MD)
Batting: LHB Michael Cochran 0-0: Called Strike
0-1: Foul Ball, location: 2F
0-2: Ball
1-2: Foul Ball, location: 2F
1-2: Ball
2-2: SINGLE (Line Drive, 4D)
Mike Thompson to second
Batting: LHB César Muñóz 0-0: Ball
1-0: Called Strike
1-1: Foul Ball, location: 2F
1-2: Strikes out swinging
Top of the 4th over - 0 runs, 2 hits, 0 errors, 2 left on base; Pure Michigan 1 - Sunset District 2
BOTTOM OF THE 4TH
Sunset District Fog batting - Pitching for Pure Michigan Great Lakers : RHP César Román
Batting: RHB Jud Regan 0-0: Called Strike
0-1: SINGLE (Groundball, 4S) (infield hit)
Batting: SHB José Ángel 0-0: Called Strike
0-1: Ball
1-1: Swinging Strike
1-2: Foul Ball, location: 2F
1-2: Ball
2-2: Fly out, F9 (Line Drive, 89D)
Batting: SHB Orlando Villa 0-0: Ball
1-0: Ball
2-0: Fly out, F7 (Flyball, 7S)
Batting: LHB Armando Carmona 0-0: Ball
1-0: Ball
2-0: Called Strike
2-1: Fly out, F9 (Flyball, 89D)
Bottom of the 4th over - 0 runs, 1 hit, 0 errors, 1 left on base; Pure Michigan 1 - Sunset District 2
TOP OF THE 5TH
Pure Michigan Great Lakers batting - Pitching for Sunset District Fog : RHP Brian Walker
Pitching: RHP Oriol Razo
Batting: LHB Josh Platt 0-0: Ball
1-0: DOUBLE (Flyball, 78XD)
Batting: LHB Gilberto Moreno 0-0: Ground out 5-3 (Groundball, 5)
Batting: LHB Yin-reng Hsueh 0-0: Called Strike
0-1: Ball
1-1: Ball
2-1: Called Strike
2-2: Ground out 4-3 (Groundball, 4M)
Josh Platt to third
Batting: SHB David Martínez 0-0: Ball
1-0: Foul Ball, location: 2F
1-1: Ball
2-1: Ground out U3 (Groundball, 3S)
Top of the 5th over - 0 runs, 1 hit, 0 errors, 1 left on base; Pure Michigan 1 - Sunset District 2
BOTTOM OF THE 5TH
Sunset District Fog batting - Pitching for Pure Michigan Great Lakers : RHP César Román
Batting: SHB José Rico 0-0: Ball
1-0: Fly out, F5 (Popup, 5L)
Batting: LHB Tim O'Neal 0-0: Called Strike
0-1: Ground out 5-3 (Groundball, 6)
Batting: SHB Joaquín Reyes 0-0: Ground out 5-3 (Groundball, 6)
Bottom of the 5th over - 0 runs, 0 hits, 0 errors, 0 left on base; Pure Michigan 1 - Sunset District 2
TOP OF THE 6TH
Pure Michigan Great Lakers batting - Pitching for Sunset District Fog : RHP Oriol Razo
Batting: RHB Hamilton Swan 0-0: Called Strike
0-1: Ground out 4-3 (Groundball, 4)
Batting: RHB Turner Buccigross 0-0: Called Strike
0-1: Swinging Strike
0-2: Strikes out looking
Batting: RHB Mike Thompson 0-0: Ball
1-0: Called Strike
1-1: Swinging Strike
1-2: Strikes out swinging
Top of the 6th over - 0 runs, 0 hits, 0 errors, 0 left on base; Pure Michigan 1 - Sunset District 2
BOTTOM OF THE 6TH
Sunset District Fog batting - Pitching for Pure Michigan Great Lakers : RHP César Román
Batting: RHB José Vargas 0-0: SINGLE (Line Drive, 6MD)
Batting: RHB Carl Herbert 0-0: Bunted foul
0-1: Ball
1-1: Bunted foul
1-2: Ball
2-2: SINGLE (Line Drive, 6MD)
José Vargas to second
Batting: RHB Jud Regan 0-0: Called Strike
0-1: Ball
1-1: Foul Ball, location: 2F
1-2: Foul Ball, location: 2F
1-2: Strikes out looking
Batting: SHB José Ángel 0-0: Fly out, F6 (Line Drive, 6)
Batting: SHB Orlando Villa 0-0: Ball
1-0: Fly out, F6 (Line Drive, 56)
Bottom of the 6th over - 0 runs, 2 hits, 0 errors, 2 left on base; Pure Michigan 1 - Sunset District 2
TOP OF THE 7TH
Pure Michigan Great Lakers batting - Pitching for Sunset District Fog : RHP Oriol Razo
Batting: LHB Michael Cochran 0-0: Ball
1-0: Ball
2-0: Ball
3-0: Base on Balls
Batting: LHB César Muñóz 0-0: Ball
1-0: Sac Bunt - play at first, batter safe!
Michael Cochran to second
Batting: LHB Josh Platt 0-0: SINGLE (Groundball, 6M) (infield hit)
Michael Cochran to third
César Muñóz to second
Batting: LHB Gilberto Moreno 0-0: Called Strike
0-1: Called Strike
0-2: Strikes out swinging
Batting: LHB Yin-reng Hsueh 0-0: Grounds into double play, 3-2-3 (Groundball, 34)
Top of the 7th over - 0 runs, 2 hits, 0 errors, 2 left on base; Pure Michigan 1 - Sunset District 2
BOTTOM OF THE 7TH
Sunset District Fog batting - Pitching for Pure Michigan Great Lakers : RHP César Román
Batting: LHB Armando Carmona 0-0: Swinging Strike
0-1: Foul Ball, location: 2F
0-2: Strikes out swinging
Batting: SHB José Rico 0-0: Called Strike
0-1: Ball
1-1: Foul Ball, location: 2F
1-2: Ball
2-2: Ball
3-2: SINGLE (Flyball, 89S)
Pitching: RHP Lyle Lanley
Batting: LHB Tim O'Neal 0-0: Ball
1-0: Ball
2-0: Called Strike
2-1: Swinging Strike
2-2: Foul Ball, location: 2F
2-2: Ball
3-2: Fly out, F7 (Flyball, 7D)
Pinch Runner at 1st Esteban Lugo:
Batting: SHB Joaquín Reyes 0-0: Ball
1-0: Fly out, F8 (Flyball, 8LM)
Bottom of the 7th over - 0 runs, 1 hit, 0 errors, 1 left on base; Pure Michigan 1 - Sunset District 2
TOP OF THE 8TH
Pure Michigan Great Lakers batting - Pitching for Sunset District Fog : RHP Oriol Razo
Now at SS: Esteban Lugo
Now in CF: Enrique Vásquez
Batting: SHB David Martínez 0-0: Ball
1-0: Called Strike
1-1: Called Strike
1-2: Ball
2-2: Ball
3-2: Base on Balls
Pitching: RHP Dave Morse
Batting: RHB Hamilton Swan 0-0: Sac Bunt - play at first, batter OUT! U3
David Martínez to second
Batting: RHB Turner Buccigross 0-0: Called Strike
0-1: Swinging Strike
0-2: Strikes out swinging
Batting: RHB Mike Thompson 0-0: Ball
1-0: Ball
2-0: Ball
3-0: Called Strike
3-1: Base on Balls
Batting: LHB Michael Cochran 0-0: Foul Ball, location: 2F
0-1: Ball
1-1: Foul Ball, location: 2F
1-2: Foul Ball, location: 2F
1-2: Strikes out swinging
Top of the 8th over - 0 runs, 0 hits, 0 errors, 2 left on base; Pure Michigan 1 - Sunset District 2
BOTTOM OF THE 8TH
Sunset District Fog batting - Pitching for Pure Michigan Great Lakers : RHP Lyle Lanley
Batting: RHB José Vargas 0-0: Ball
1-0: Foul Ball, location: 2F
1-1: Foul Ball, location: 2F
1-2: Fly out, F8 (Flyball, 89M)
Batting: RHB Carl Herbert 0-0: Foul Ball, location: 2F
0-1: Foul Ball, location: 2F
0-2: Fly out, F8 (Flyball, 8LS)
Batting: RHB Jud Regan 0-0: Ground out 4-3 (Groundball, 4M)
Bottom of the 8th over - 0 runs, 0 hits, 0 errors, 0 left on base; Pure Michigan 1 - Sunset District 2
TOP OF THE 9TH
Pure Michigan Great Lakers batting - Pitching for Sunset District Fog : RHP Dave Morse
Batting: LHB César Muñóz 0-0: Called Strike
0-1: Ball
1-1: Foul Ball, location: 2F
1-2: Ball
2-2: Strikes out swinging
Batting: LHB Josh Platt 0-0: Foul Ball, location: 2F
0-1: Ball
1-1: Swinging Strike
1-2: SINGLE (Flyball, 8LS) - OUT at second base trying to stretch hit.
Batting: LHB Gilberto Moreno 0-0: Ball
1-0: Ball
2-0: Ball
3-0: Called Strike
3-1: Foul Ball, location: 2F
3-2: Foul Ball, location: 2F
3-2: Base on Balls
Batting: LHB Yin-reng Hsueh 0-0: Called Strike
0-1: Ball
1-1: Ball
2-1: Ball
3-1: Foul Ball, location: 2F
3-2: Ground out 6-3 (Groundball, 56)
Top of the 9th over - 0 runs, 1 hit, 0 errors, 1 left on base; Pure Michigan 1 - Sunset District 2
Tuesday, June 12th, 2018 - OOTP Baseball 18.8 Build 76